AoeStats
← Lyon28

Lombardia

509984788Analyzed
4v4 RM · 2d ago on Sep 28, 2026· 67m 46s· 8 players
Game mode
Random Map
Map size
Large (8 player)
Population
200
Speed
Normal
Resources
Standard
Victory
Conquest
Starting age
Dark Age
Ending age
Imperial Age
RankedLock teamsTeams togetherTeam positionsShared explorationLock speedFull tech treeHidden civsTurbo modeCheats
Victory
Defeat
🇦🇷 Hindustanis · Argentina
1403
+10
🇨🇳 Malians · China
1287
+14
🇦🇷 Japanese · Argentina
1244
+16
🇦🇷 Italians · Argentina
1215
+17
🇦🇷 Burgundians · Argentina
1313
-17
🇦🇷 Berbers · Argentina
1294
-16
🇦🇷 Tatars · Argentina
1212
-13
🇦🇷 Maya · Argentina
1170
-11
RoseJaguar3606
10:07 Loom
12:17 Feudal Age
17:53 Castle Age
16:42 Fletching
16:37 Double-Bit Axe
20:11 Ballistics
21:11 Gold Mining
22:25 Bodkin Arrow
23:54 Wheelbarrow
24:14 Husbandry
27:02 Thumb Ring
27:49 Padded Archer Armor
28:01 Bloodlines
45:56 Imperial Age
46:03 Scale Mail Armor
47:19 Coinage
46:56 Squires
47:13 Chain Mail Armor
47:54 Conscription
47:38 Elite Samurai
48:49 Plate Mail Armor
48:35 Stone Mining
49:21 Gold Shaft Mining
48:57 Bow Saw
49:04 Forging
51:49 Iron Casting
51:03 Gambesons
54:19 Pikeman
56:01 Blast Furnace
55:24 Hand Cart
55:27 Halberdier
55:55 Arson
59:29 Two-Man Saw
58:15 Horse Collar
60:00 Capped Ram
62:00 Kataparuto
61:53 Heavy Plow
63:33 Town Watch
Lyon28
12:17 Feudal Age
10:45 Loom
12:31 Feudal Age
16:54 Castle Age
17:07 Double-Bit Axe
24:22 Wheelbarrow
23:39 Town Watch
30:00 Imperial Age
28:00 Fletching
28:15 Padded Archer Armor
28:31 Gold Mining
29:49 Bodkin Arrow
31:40 Conscription
32:23 Bracer
33:01 Conscription
33:49 Ballistics
33:10 Treadmill Crane
34:15 Leather Archer Armor
33:57 Elite Genoese Crossbowman
34:53 Thumb Ring
35:48 Silk Road
37:14 Ring Archer Armor
36:57 Bow Saw
36:41 Stone Mining
38:57 Chemistry
38:09 Masonry
38:49 Stone Shaft Mining
43:21 Hand Cart
43:12 Town Patrol
44:54 Scale Mail Armor
45:05 Forging
45:09 Pirotechnia
47:17 Chain Mail Armor
47:37 Iron Casting
48:48 Plate Mail Armor
48:49 Arson
49:05 Squires
52:08 Two-Man Saw
53:56 Caravan
56:41 Man-at-Arms
57:49 Long Swordsman
58:27 Two-Handed Swordsman
59:31 Champion
61:58 Blast Furnace
felixaleman1010
7:13 Loom
9:46 Feudal Age
10:34 Double-Bit Axe
10:55 Double-Bit Axe
18:25 Scale Barding Armor
18:30 Forging
20:36 Castle Age
19:48 Gold Mining
20:26 Forging
21:19 Bloodlines
21:47 Chain Barding Armor
26:03 Husbandry
27:11 Iron Casting
36:34 Light Cavalry
41:36 Wheelbarrow
40:47 Town Watch
48:25 Imperial Age
49:11 Caravan
48:42 Heavy Camel Rider
51:38 Hussar
56:23 Gold Shaft Mining
58:08 Hand Cart
58:20 Fletching
59:06 Plate Barding Armor
59:35 Blast Furnace
60:05 Conscription
60:10 Imperial Camel Rider
65:57 Town Patrol
孤鸿
10:40 Feudal Age
15:03 Castle Age
13:08 Double-Bit Axe
13:24 Horse Collar
ARMENIO FULL AGUA
6:56 Loom
9:33 Feudal Age
11:17 Double-Bit Axe
20:27 Castle Age
20:10 Scale Barding Armor
20:23 Bloodlines
20:05 Horse Collar
21:16 Husbandry
21:39 Fletching
21:49 Padded Archer Armor
22:26 Bow Saw
23:29 Heavy Plow
23:59 Gold Mining
25:03 Bodkin Arrow
25:09 Padded Archer Armor
29:38 Leather Archer Armor
33:57 Wheelbarrow
35:02 Town Watch
35:33 Elite Skirmisher
43:08 Imperial Age
44:12 Wheelbarrow
44:23 Bracer
44:54 Ring Archer Armor
46:00 Chemistry
52:59 Hand Cart
55:10 Stone Mining
58:59 Ballistics
60:01 Kasbah
59:24 Elite Camel Archer
62:42 Gold Shaft Mining
62:41 Conscription
63:06 Crop Rotation
63:08 Guilds
63:57 Maghrebi Camels
dalerojo_2002
0:47 Loom
11:38 Feudal Age
16:11 Castle Age
15:19 Fletching
16:39 Double-Bit Axe
18:12 Horse Collar
23:07 Town Watch
26:00 Padded Archer Armor
28:06 Wheelbarrow
28:19 Ballistics
28:03 Gold Mining
29:33 Leather Archer Armor
30:12 Bodkin Arrow
33:03 Murder Holes
50:42 Imperial Age
50:30 Hand Cart
53:06 Bow Saw
56:20 Elite Plumed Archer
59:42 Conscription
SirCovid
6:45 Loom
9:38 Feudal Age
11:15 Double-Bit Axe
14:21 Scale Barding Armor
14:29 Forging
14:41 Forging
19:43 Bloodlines
22:52 Castle Age
23:04 Scale Barding Armor
23:42 Husbandry
24:27 Iron Casting
23:35 Horse Collar
26:28 Town Watch
27:35 Gold Mining
29:07 Chain Barding Armor
29:03 Bow Saw
30:46 Wheelbarrow
30:27 Heavy Plow
34:26 Gold Shaft Mining
38:19 Fletching
38:29 Padded Archer Armor
38:56 Elite Skirmisher
39:37 Bodkin Arrow
39:57 Leather Archer Armor
43:16 Imperial Age
43:20 Ballistics
44:01 Bracer
44:31 Ring Archer Armor
43:38 Cavalier
43:41 Light Cavalry
47:33 Caravan
49:00 Hussar
51:05 Timurid Siegecraft
51:20 Conscription
51:01 Silk Armor
60:24 Crossbowman
61:43 Hand Cart
64:13 Chemistry
63:19 Siege Engineers
yair.gimenez
8:53 Loom
11:03 Feudal Age
9:33 Double-Bit Axe
15:09 Castle Age
13:22 Bow Saw
13:55 Horse Collar
15:03 Heavy Plow
20:00 Wheelbarrow
22:32 Hand Cart
24:43 Town Watch
25:04 Scale Barding Armor
25:10 Forging
25:42 Gold Mining
25:42 Stone Mining
26:52 Husbandry
26:13 Cavalier
31:17 Imperial Age
29:37 Padded Archer Armor
29:27 Fletching
31:37 Leather Archer Armor
31:18 Bodkin Arrow
30:47 Cavalier
33:03 Chemistry
32:24 Ballistics
32:03 Treadmill Crane
32:34 Masonry
33:34 Chain Barding Armor
33:15 Bracer
35:02 Plate Barding Armor
35:02 Iron Casting
39:28 Conscription
38:34 Elite Skirmisher
40:31 Blast Furnace
41:09 Architecture
44:01 Scale Mail Armor
44:06 Squires
44:31 Pikeman
48:57 Paladin
52:52 Coinage
52:26 Caravan
54:48 Coinage
54:17 Light Cavalry
55:01 Hussar
62:53 Halberdier
63:19 Arson
Connection lost

Rejoining the realm…

Still unreachable

The connection could not be restored.

Session expired

The server has moved on; the page needs a fresh start.